TOP OF THE 1ST |
San Francisco Giants batting - Pitching for Cincinnati Reds : RHP Dylan Bundy
|
Pitching: RHP Dylan Bundy
|
|
Batting: LHB Brandon Crawford
|
0-0: Called Strike 0-1: Ground out U3 (Groundball, 34, EV 106.3 MPH)
|
Batting: RHB Jose Altuve
|
0-0: Ball 1-0: Fly out, F8 (Flyball, 8LD, EV 92.5 MPH)
|
Batting: LHB Eric Hosmer
|
0-0: Ground out 1-3 (Groundball, 15S, EV 68.8 MPH)
|
Top of the 1st over - 0 runs, 0 hits, 0 errors, 0 left on base; San Francisco 0 - Cincinnati 0 |
BOTTOM OF THE 1ST |
Cincinnati Reds batting - Pitching for San Francisco Giants : RHP Alex Cobb
|
Pitching: RHP Alex Cobb
|
|
Batting: LHB Jesse Winker
|
0-0: Ball 1-0: Ball 2-0: Ball 3-0: Base on Balls
|
Batting: RHB Jonathan India
|
0-0: Swinging Strike 0-1: Swinging Strike 0-2: Ball 1-2: Ball 2-2: Ball 3-2: Foul Ball, location: 9LMF 3-2: Grounds into double play, 5-4-3 (Groundball, 56S, EV 86.9 MPH)
|
Batting: RHB Ronald Acuna Jr.
|
0-0: Called Strike 0-1: Called Strike 0-2: Ball 1-2: Ball 2-2: SOLO HOME RUN (Flyball, 89XD, EV 100.6 MPH), Distance : 388 ft
|
Batting: LHB Edwin Rios
|
0-0: Ball 1-0: Ball 2-0: Called Strike 2-1: Foul Ball, location: 2RF 2-2: Ball 3-2: Strikes out swinging
|
Bottom of the 1st over - 1 run, 1 hit, 0 errors, 0 left on base; San Francisco 0 - Cincinnati 1 |
TOP OF THE 2ND |
San Francisco Giants batting - Pitching for Cincinnati Reds : RHP Dylan Bundy
|
Batting: RHB Manny Machado
|
0-0: Ball 1-0: Ball 2-0: Fly out, F8 (Flyball, 8LS, EV 94.4 MPH)
|
Batting: LHB Cedric Mullins
|
0-0: Ball 1-0: Foul Ball, location: 9LSF 1-1: Ball 2-1: Ground out U3 (Groundball, 3, EV 88.1 MPH)
|
Batting: SHB Yasmani Grandal
|
0-0: Ball 1-0: SINGLE (Line Drive, 9LS, EV 103.8 MPH)
|
Batting: LHB Rafael Ortega
|
0-0: Foul Ball, location: 9LSFF 0-1: Ball 1-1: Ball 2-1: Called Strike 2-2: Ball 3-2: Foul Ball, location: 7LDF 3-2: Fly out, F8 (Line Drive, 8RD, EV 93.8 MPH)
|
Top of the 2nd over - 0 runs, 1 hit, 0 errors, 1 left on base; San Francisco 0 - Cincinnati 1 |
BOTTOM OF THE 2ND |
Cincinnati Reds batting - Pitching for San Francisco Giants : RHP Alex Cobb
|
Batting: LHB Jesus Sanchez
|
0-0: Called Strike 0-1: Ball 1-1: Foul Ball, location: 2F 1-2: Ball 2-2: Strikes out swinging
|
Batting: SHB Adley Rutschman
|
0-0: Ball 1-0: Ball 2-0: Ball 3-0: Base on Balls
|
Batting: RHB Brent Rooker
|
0-0: Called Strike 0-1: Swinging Strike 0-2: Ball 1-2: Foul Ball, location: 2F 1-2: Ball 2-2: Strikes out looking
|
Batting: LHB Ben Gamel
|
0-0: Ball 1-0: Called Strike 1-1: Swinging Strike 1-2: DOUBLE (Line Drive, 9LS, EV 108.8 MPH) Adley Rutschman to third
|
Batting: RHB David Fletcher
|
0-0: Fly out, F6 (Flyball, 6MD, EV 85.0 MPH)
|
Bottom of the 2nd over - 0 runs, 1 hit, 0 errors, 2 left on base; San Francisco 0 - Cincinnati 1 |
TOP OF THE 3RD |
San Francisco Giants batting - Pitching for Cincinnati Reds : RHP Dylan Bundy
|
Batting: RHB Nick Ahmed
|
0-0: Ball 1-0: Ball 2-0: Swinging Strike 2-1: Ball 3-1: Foul Ball, location: 2F 3-2: Base on Balls
|
Batting: RHB Myles Straw
|
0-0: Ball 1-0: Ball 2-0: Foul Ball, location: 7LSF 2-1: Called Strike Nick Ahmed is caught stealing 2nd base 2-4 2-2: Ground out U3 (Groundball, 3, EV 88.1 MPH)
|
Batting: LHB Brandon Crawford
|
0-0: Ball 1-0: Foul Ball, location: 2F 1-1: Foul Ball, location: 5DF 1-2: Ball 2-2: Strikes out swinging
|
Top of the 3rd over - 0 runs, 0 hits, 0 errors, 0 left on base; San Francisco 0 - Cincinnati 1 |
BOTTOM OF THE 3RD |
Cincinnati Reds batting - Pitching for San Francisco Giants : RHP Alex Cobb
|
Batting: LHB Jesse Winker
|
0-0: Ball 1-0: Ball 2-0: Ball 3-0: Called Strike 3-1: Fly out, F9 (Flyball, 89S, EV 100.0 MPH)
|
Batting: RHB Jonathan India
|
0-0: Swinging Strike 0-1: Ball 1-1: Foul Ball, location: 25FF 1-2: Ball 2-2: Foul Ball, location: 5FF 2-2: Strikes out swinging
|
Batting: RHB Ronald Acuna Jr.
|
0-0: Called Strike 0-1: Ball 1-1: Ball 2-1: Ground out 6-3 (Groundball, P, EV 85.0 MPH)
|
Bottom of the 3rd over - 0 runs, 0 hits, 0 errors, 0 left on base; San Francisco 0 - Cincinnati 1 |
TOP OF THE 4TH |
San Francisco Giants batting - Pitching for Cincinnati Reds : RHP Dylan Bundy
|
Batting: RHB Jose Altuve
|
0-0: Ball 1-0: Foul Ball, location: 2F 1-1: Foul Ball, location: 25FF 1-2: Ball 2-2: Ground out 5-3 (Groundball, 56S, EV 70.6 MPH)
|
Batting: LHB Eric Hosmer
|
0-0: Fly out, F3 (Line Drive, 3, EV 71.9 MPH)
|
Batting: RHB Manny Machado
|
0-0: Foul Ball, location: 7LSFF 0-1: Ball 1-1: Ball 2-1: Ball 3-1: Called Strike 3-2: Foul Ball, location: 2F 3-2: Base on Balls
|
Batting: LHB Cedric Mullins
|
0-0: Ground out 4-3 (Groundball, 4, EV 81.3 MPH)
|
Top of the 4th over - 0 runs, 0 hits, 0 errors, 1 left on base; San Francisco 0 - Cincinnati 1 |
BOTTOM OF THE 4TH |
Cincinnati Reds batting - Pitching for San Francisco Giants : RHP Alex Cobb
|
Batting: LHB Edwin Rios
|
0-0: Ball 1-0: Called Strike 1-1: Foul Ball, location: 5DF 1-2: Strikes out looking
|
Batting: LHB Jesus Sanchez
|
0-0: Ball 1-0: Foul Ball, location: 2F 1-1: Fly out, F7 (Flyball, 78D, EV 96.9 MPH)
|
Batting: SHB Adley Rutschman
|
0-0: Ball 1-0: Foul Ball, location: 5DF 1-1: Ball 2-1: Ball 3-1: Base on Balls
|
Batting: RHB Brent Rooker
|
0-0: Called Strike 0-1: Foul Ball, location: 23F 0-2: Ball 1-2: Ball 2-2: Ball 3-2: Foul Ball, location: 5FF 3-2: Foul Ball, location: 2F 3-2: Fly out, F8 (Flyball, 8RS, EV 95.0 MPH)
|
Bottom of the 4th over - 0 runs, 0 hits, 0 errors, 1 left on base; San Francisco 0 - Cincinnati 1 |
TOP OF THE 5TH |
San Francisco Giants batting - Pitching for Cincinnati Reds : RHP Dylan Bundy
|
Batting: SHB Yasmani Grandal
|
0-0: Called Strike 0-1: Ball 1-1: Foul Ball, location: 3FF 1-2: Ball 2-2: Foul Ball, location: 3F 2-2: DOUBLE (Groundball, 3L, EV 110.0 MPH)
|
Batting: LHB Rafael Ortega
|
0-0: Called Strike 0-1: Ball 1-1: 2-RUN HOME RUN (Flyball, 7LD, EV 96.9 MPH), Distance : 354 ft
|
Batting: RHB Nick Ahmed
|
0-0: Ball 1-0: Called Strike 1-1: DOUBLE (Line Drive, 9LM, EV 101.9 MPH)
|
Batting: RHB Myles Straw
|
0-0: Ball 1-0: Ball 2-0: Ball 3-0: Called Strike 3-1: Swinging Strike 3-2: Foul Ball, location: 2F 3-2: Foul Ball, location: 2F 3-2: Strikes out swinging
|
Batting: LHB Brandon Crawford
|
0-0: Called Strike 0-1: DOUBLE (Line Drive, 7LM, EV 106.9 MPH) Nick Ahmed scores
|
Batting: RHB Jose Altuve
|
0-0: Ball 1-0: Called Strike 1-1: Ground out 5-3 (Groundball, 5L, EV 79.4 MPH)
|
Batting: LHB Eric Hosmer
|
0-0: Ball 1-0: Foul Ball, location: 5FF 1-1: Called Strike 1-2: Foul Ball, location: 2F 1-2: Ball 2-2: Strikes out swinging
|
Top of the 5th over - 3 runs, 4 hits, 0 errors, 1 left on base; San Francisco 3 - Cincinnati 1 |
BOTTOM OF THE 5TH |
Cincinnati Reds batting - Pitching for San Francisco Giants : RHP Alex Cobb
|
Batting: LHB Ben Gamel
|
0-0: Foul Ball, location: 7LDF 0-1: Ball 1-1: Ball 2-1: Ball 3-1: Ground out 4-3 (Groundball, 4, EV 104.4 MPH)
|
Batting: RHB David Fletcher
|
0-0: Ground out 4-3 (Groundball, 4, EV 83.8 MPH)
|
Batting: LHB Jesse Winker
|
0-0: Ball 1-0: Foul Ball, location: 2RF 1-1: Ball 2-1: Ground out 5-3 (Groundball, 5, EV 86.9 MPH)
|
Bottom of the 5th over - 0 runs, 0 hits, 0 errors, 0 left on base; San Francisco 3 - Cincinnati 1 |
TOP OF THE 6TH |
San Francisco Giants batting - Pitching for Cincinnati Reds : RHP Dylan Bundy
|
Batting: RHB Manny Machado
|
0-0: Fly out, F4 (Popup, 6M, EV 71.9 MPH)
|
Batting: LHB Cedric Mullins
|
0-0: Called Strike 0-1: Ball 1-1: Swinging Strike 1-2: Foul Ball, location: 7LSF 1-2: SINGLE (Line Drive, 89S, EV 90.6 MPH)
|
Batting: SHB Yasmani Grandal
|
0-0: Ball 1-0: Ball 2-0: Foul Ball, location: 3FF 2-1: Ball 3-1: Called Strike 3-2: Fly out, F8 (Flyball, 8RM, EV 98.1 MPH)
|
Batting: LHB Rafael Ortega
|
0-0: Called Strike Cedric Mullins steals 2nd base (no throw) 0-1: Ball 1-1: Foul Ball, location: 2F 1-2: Fly out, F8 (Flyball, 8LD, EV 86.9 MPH)
|
Top of the 6th over - 0 runs, 1 hit, 0 errors, 1 left on base; San Francisco 3 - Cincinnati 1 |
BOTTOM OF THE 6TH |
Cincinnati Reds batting - Pitching for San Francisco Giants : RHP Alex Cobb
|
Pitching: RHP Mark Melancon
|
|
Batting: RHB Jonathan India
|
0-0: Called Strike 0-1: Called Strike 0-2: Ball 1-2: Ball 2-2: Ball 3-2: Strikes out looking
|
Batting: RHB Ronald Acuna Jr.
|
0-0: Ball 1-0: Called Strike 1-1: Ball 2-1: Foul Ball, location: 2F 2-2: Strikes out swinging
|
Batting: LHB Edwin Rios
|
0-0: Called Strike 0-1: Ball 1-1: Ball 2-1: Called Strike 2-2: Foul Ball, location: 7LSF 2-2: Ground out 5-3 (Groundball, 56S, EV 85.0 MPH)
|
Bottom of the 6th over - 0 runs, 0 hits, 0 errors, 0 left on base; San Francisco 3 - Cincinnati 1 |
TOP OF THE 7TH |
San Francisco Giants batting - Pitching for Cincinnati Reds : RHP Dylan Bundy
|
Batting: RHB Nick Ahmed
|
0-0: Called Strike 0-1: Ball 1-1: Ball 2-1: Ball 3-1: Called Strike 3-2: Strikes out swinging
|
Batting: RHB Myles Straw
|
0-0: Fly out, F9 (Flyball, 9, EV 80.6 MPH)
|
Batting: LHB Brandon Crawford
|
0-0: Ground out 3-1 (Groundball, 34, EV 108.8 MPH)
|
Top of the 7th over - 0 runs, 0 hits, 0 errors, 0 left on base; San Francisco 3 - Cincinnati 1 |
BOTTOM OF THE 7TH |
Cincinnati Reds batting - Pitching for San Francisco Giants : RHP Mark Melancon
|
Pitching: LHP Gregory Soto
|
|
Batting: LHB Jesus Sanchez
|
0-0: Called Strike 0-1: Called Strike 0-2: SOLO HOME RUN (Flyball, 9LD, EV 93.8 MPH), Distance : 349 ft
|
Batting: SHB Adley Rutschman
|
0-0: Ball 1-0: Ball 2-0: Ball 3-0: Base on Balls
|
Batting: RHB Brent Rooker
|
0-0: Foul Ball, location: 2F 0-1: Fielders Choice at 2nd, 6-4 (Groundball, 6, EV 83.8 MPH)
|
Pinch Hitting: RHB Jon Berti
|
0-0: Ball 1-0: Foul Ball, location: 9LSF 1-1: Called Strike 1-2: Strikes out swinging
|
Pitching: RHP Evan Phillips
|
|
Batting: RHB David Fletcher
|
0-0: Called Strike 0-1: Foul Ball, location: 2F 0-2: Ground out 4-3 (Groundball, 4, EV 105.0 MPH)
|
Bottom of the 7th over - 1 run, 1 hit, 0 errors, 1 left on base; San Francisco 3 - Cincinnati 2 |
TOP OF THE 8TH |
San Francisco Giants batting - Pitching for Cincinnati Reds : RHP Dylan Bundy
|
Pitching: RHP Garrett Whitlock
|
|
Now in CF: Jon Berti
|
|
Batting: RHB Jose Altuve
|
0-0: Called Strike 0-1: Ball 1-1: SINGLE (Groundball, 6MD, EV 95.0 MPH)
|
Batting: LHB Eric Hosmer
|
0-0: Foul Ball, location: 7LSF 0-1: Foul Ball, location: 2F 0-2: Ball 1-2: Fly out, F7 (Flyball, 78S, EV 90.0 MPH)
|
Batting: RHB Manny Machado
|
0-0: Called Strike 0-1: Foul Ball, location: 9LSF 0-2: Foul Ball, location: 5FF 0-2: Ball 1-2: Ball 2-2: Strikes out swinging
|
Batting: LHB Cedric Mullins
|
0-0: Ball Jose Altuve steals 2nd base 1-0: Ball 2-0: Ball 3-0: Called Strike 3-1: Base on Balls
|
Batting: SHB Yasmani Grandal
|
0-0: Foul Ball, location: 25F 0-1: Ball 1-1: SINGLE (Line Drive, 89M, EV 93.8 MPH) Jose Altuve to third Cedric Mullins to second Runner from 3rd tries for Home, SAFE, throw by RF to home
|
Batting: LHB Rafael Ortega
|
0-0: Foul Ball, location: 2F 0-1: Foul Ball, location: 25F 0-2: Foul Ball, location: 5SF 0-2: Ball Wild Pitch! Cedric Mullins to third Yasmani Grandal to second 1-2: Ball 2-2: Foul Ball, location: 25F 2-2: Strikes out swinging
|
Top of the 8th over - 1 run, 2 hits, 0 errors, 2 left on base; San Francisco 4 - Cincinnati 2 |
BOTTOM OF THE 8TH |
Cincinnati Reds batting - Pitching for San Francisco Giants : RHP Evan Phillips
|
Now at C: Tomás Nido
|
|
Batting: LHB Jesse Winker
|
0-0: Foul Ball, location: 2F 0-1: Ball 1-1: Ball 2-1: Fly out, F4 (Popup, 4M, EV 54.4 MPH)
|
Batting: RHB Jonathan India
|
0-0: Swinging Strike 0-1: Foul Ball, location: 3SF 0-2: Strikes out swinging
|
Batting: RHB Ronald Acuna Jr.
|
0-0: Called Strike 0-1: Foul Ball, location: 9LMF 0-2: SINGLE (Groundball, 34D, EV 97.5 MPH)
|
Batting: LHB Edwin Rios
|
0-0: Fly out, F8 (Flyball, 89S, EV 96.3 MPH)
|
Bottom of the 8th over - 0 runs, 1 hit, 0 errors, 1 left on base; San Francisco 4 - Cincinnati 2 |
TOP OF THE 9TH |
San Francisco Giants batting - Pitching for Cincinnati Reds : RHP Garrett Whitlock
|
Pitching: RHP Domingo Acevedo
|
|
Batting: RHB Nick Ahmed
|
0-0: Foul Ball, location: 7LSF 0-1: Ball 1-1: Ball 2-1: Foul Ball, location: 2F 2-2: Ball 3-2: Fly out, F9 (Flyball, 9S, EV 80.0 MPH)
|
Batting: RHB Myles Straw
|
0-0: Ball 1-0: Called Strike 1-1: Ball 2-1: Ground out 5-3 (Groundball, 56, EV 101.3 MPH)
|
Batting: LHB Brandon Crawford
|
0-0: Called Strike 0-1: Ball 1-1: Ground out 4-3 (Groundball, 4, EV 103.1 MPH)
|
Top of the 9th over - 0 runs, 0 hits, 0 errors, 0 left on base; San Francisco 4 - Cincinnati 2 |
BOTTOM OF THE 9TH |
Cincinnati Reds batting - Pitching for San Francisco Giants : RHP Evan Phillips
|
Pitching: RHP Ryan Pressly
|
|
Batting: LHB Jesus Sanchez
|
0-0: Ball 1-0: Fly out, F8 (Flyball, 89D, EV 84.4 MPH)
|
Batting: SHB Adley Rutschman
|
0-0: Ball 1-0: Ball 2-0: Ball 3-0: Called Strike 3-1: Base on Balls
|
Pinch Hitting: LHB Reese McGuire
|
0-0: Foul Ball, location: 7LSF 0-1: Foul Ball, location: 7LSF 0-2: Strikes out looking
|
Pinch Hitting: LHB Cavan Biggio
|
0-0: Ball 1-0: Ball 2-0: Ball 3-0: Called Strike 3-1: Foul Ball, location: 2F 3-2: Base on Balls Adley Rutschman to second
|
Batting: RHB David Fletcher
|
0-0: Ball 1-0: Ball 2-0: Foul Ball, location: 9LDF 2-1: SINGLE (Line Drive, 4D, EV 94.4 MPH) Adley Rutschman to third Cavan Biggio to second
|
Batting: LHB Jesse Winker
|
0-0: Ball 1-0: Ball 2-0: Foul Ball, location: 3SF 2-1: Ball 3-1: Swinging Strike 3-2: Ground out U3 (Groundball, 34S, EV 66.9 MPH)
|
Bottom of the 9th over - 0 runs, 1 hit, 0 errors, 3 left on base; San Francisco 4 - Cincinnati 2 |
|